 Dungeon Crawl Stone Soup version 0.30-a0-800-g7c544603b3 (webtiles) character file.

Game seed: 3125313250085940361

121 retardedninja the Shield-Bearer (level 5, -6/47 HPs)
             Began as a Gnoll Fighter on Feb 21, 2023.
             Mangled by an ogre
             ... wielding a +0 giant club
              (24 damage)
             ... on level 3 of the Dungeon.
             The game lasted 00:02:41 (2175 turns).

retardedninja the Shield-Bearer (Gnoll Fighter)     Turns: 2175, Time: 00:02:42

Health: -6/47      AC: 11    Str: 17    XL:     5   Next: 5%
Magic:  7/7        EV:  9    Int:  7    God:
Gold:   114        SH:  5    Dex: 12    Spells: 6/6 levels left

rFire   . . .      SeeInvis .    a - +0 war axe
rCold   . . .      Faith    .    c - +0 buckler
rNeg    . . .      Spirit   .    b - +0 scale mail
rPois   .          Reflect  .    f - +1 helmet
rElec   .          Harm     .    (no cloak)
rCorr   .          Rampage  .    (no gloves)
Will    .....                    o - +0 pair of boots Stlth
                                 (no amulet)
HPRegen 0.27/turn                (no ring)
MPRegen 0.10/turn                (no ring)

@: mighty
A: fangs 1, strong nose, distributed training
a: no special abilities


You were on level 3 of the Dungeon.
You visited 1 branch of the dungeon, and saw 3 of its levels.

You collected 114 gold pieces.

Inventory:

Hand Weapons
 a - a +0 war axe (weapon)
Armour
 b - a +0 scale mail (worn)
 c - a +0 buckler (worn)
 f - a +1 helmet (worn)
 o - a +0 pair of boots (worn)
Jewellery
 q - a ring of poison resistance
 r - a ring of fire
Wands
 s - a wand of flame (14)
 u - a wand of paralysis (6)
Scrolls
 g - a scroll of fog {unknown}
 h - a scroll of summoning {unknown}
 i - a scroll of identify {unknown}
 l - 2 scrolls of poison {unknown}
 m - a scroll of noise {unknown}
 n - 2 scrolls of teleportation {unknown}
 t - a scroll of amnesia {unknown}
Potions
 d - a potion of might
 e - 2 potions of curing {unknown}
 j - a potion of flight {unknown}
 k - 3 potions of degeneration {unknown}
 p - a potion of brilliance {unknown}
 v - a potion of ambrosia {unknown}


   Skills:
 + Level 6.6 Fighting
 + Level 1.4 Short Blades
 + Level 1.4 Long Blades
 + Level 4.7 Axes
 + Level 1.4 Maces & Flails
 + Level 1.4 Polearms
 + Level 1.4 Staves
 + Level 1.4 Ranged Weapons
 + Level 1.4 Throwing
 + Level 6.6 Armour
 + Level 1.4 Dodging
 + Level 1.4 Stealth
 + Level 6.6 Shields
 + Level 1.4 Unarmed Combat
 + Level 1.4 Spellcasting
 + Level 1.1 Conjurations
 + Level 1.1 Hexes
 + Level 1.1 Summonings
 + Level 1.1 Necromancy
 + Level 1.1 Translocations
 + Level 1.1 Transmutations
 + Level 1.1 Fire Magic
 + Level 1.1 Ice Magic
 + Level 1.1 Air Magic
 + Level 1.1 Earth Magic
 + Level 1.1 Poison Magic
 + Level 1.5 Invocations
 + Level 1.4 Evocations


You had 6 spell levels left.
You didn't know any spells.
Your spell library contained the following spells:

 Spells                   Type           Power      Damage    Failure   Level
 Tukima's Dance           Hex            2%         N/A       96%         3
 Passage of Golubria      Tloc           2%         N/A       100%        4
 Yara's Violent Unravell  Hex/Tmut       1%         3d3       100%        5


Dungeon Overview and Level Annotations

Branches:
Dungeon (3/15)

Altars:


Innate Abilities, Weirdness & Mutations

You have very sharp teeth.
Your uncanny sense of smell can sniff out nearby items.
Your experience applies equally to all skills.


Message History

You see here a ball python corpse.
Key pressed, stopping explore.
You see here 5 stones.
Key pressed, stopping explore.
Key pressed, stopping explore.
There is a stone staircase leading down here.
You open the door.
An ogre and 8 goblins come into view.
The goblin shouts! x5; The ogre shouts!
The goblin shouts! x2
Found 11 large rocks.
There are monsters nearby!
There are monsters nearby!
You slash the goblin!
You kill the goblin!
Aiming: Paralyse
Press: ? - help, Q - select action, (/) - cycle Shift-Dir - straight line, f - ogre
Aim: an ogre, wielding a +0 giant club (chance to affect: 51%)
Okay, then.
Aiming: Paralyse
Press: ? - help, Q - select action, (/) - cycle Shift-Dir - straight line, f - goblin
Aim: a goblin, wielding a +0 dagger (chance to affect: 69%)
The goblin suddenly stops moving!
You feel very mighty all of a sudden.
The helpless goblin fails to defend itself.
You slash the goblin!
You kill the goblin!
The goblin hits you but does no damage.
You slash the goblin!
You kill the goblin!
You slash the goblin!
You kill the goblin!
You slash the ogre!
The ogre is heavily wounded.
The ogre hits you with a +0 giant club!!
Ouch! That really hurt!
You barely miss the ogre.
The ogre is heavily wounded.
The ogre hits you with a +0 giant club!!
Ouch! That really hurt!
You die...

### ####g..##### #.@Ogg.#...#
#>##g.(###.# #.# ### #.# ####
#.########.# ...# #.##.....#.#
### ##.# #.##.###.#.######..
#.############.##.###..........#
#..............#(..####.######..
##############..........# ###


You could see an ogre and 4 goblins.

Vanquished Creatures
  4 adders
  3 dart slugs
  3 orcs (D:3)
  6 endoplasms
  3 giant cockroaches (D:2)
  11 goblins
  8 hobgoblins
  3 jackals (D:2)
  5 kobolds
  4 quokkas
  6 ball pythons
  6 bats
  A frilled lizard (D:2)
  5 rats
68 creatures vanquished.

Notes
Turn   | Place    | Note
-------+----------+-------------------------------------------
     0 | D:1      | retardedninja the Gnoll Fighter began the quest for the
                  | Orb.
     0 | D:1      | Reached XP level 1. HP: 23/23 MP: 1/1
    76 | D:1      | Found a faded altar of an unknown god.
   112 | D:1      | Reached XP level 2. HP: 28/29 MP: 2/2
   481 | D:1      | Reached XP level 3. HP: 35/35 MP: 3/3
   984 | D:2      | Reached skill level 1 in Invocations
  1145 | D:2      | Reached skill level 1 in Short Blades
  1145 | D:2      | Reached skill level 1 in Long Blades
  1145 | D:2      | Reached skill level 1 in Maces & Flails
  1145 | D:2      | Reached skill level 1 in Polearms
  1145 | D:2      | Reached skill level 1 in Staves
  1145 | D:2      | Reached skill level 1 in Ranged Weapons
  1145 | D:2      | Reached skill level 1 in Throwing
  1145 | D:2      | Reached skill level 1 in Dodging
  1145 | D:2      | Reached skill level 1 in Stealth
  1145 | D:2      | Reached skill level 1 in Unarmed Combat
  1145 | D:2      | Reached skill level 1 in Spellcasting
  1145 | D:2      | Reached skill level 1 in Evocations
  1317 | D:2      | Reached XP level 4. HP: 40/41 MP: 5/5
  1799 | D:3      | Reached skill level 1 in Conjurations
  1799 | D:3      | Reached skill level 1 in Hexes
  1799 | D:3      | Reached skill level 1 in Summonings
  1799 | D:3      | Reached skill level 1 in Necromancy
  1799 | D:3      | Reached skill level 1 in Translocations
  1799 | D:3      | Reached skill level 1 in Transmutations
  1799 | D:3      | Reached skill level 1 in Fire Magic
  1799 | D:3      | Reached skill level 1 in Ice Magic
  1799 | D:3      | Reached skill level 1 in Air Magic
  1799 | D:3      | Reached skill level 1 in Earth Magic
  1799 | D:3      | Reached skill level 1 in Poison Magic
  2110 | D:3      | Reached XP level 5. HP: 43/47 MP: 7/7
  2167 | D:3      | Noticed an ogre
  2175 | D:3      | Mangled by an ogre

Illustrated notes

Levels and vault maps discovered:
D:1:      nzn_arrival_settlement, layout_basic, ebering_ecumenical_altar_box
D:2:      layout_basic, serial_park_tiny_2
D:3:      layout_loops_ring, minmay_ogre_servants

Skill      XL: |  1  2  3  4 |
---------------+-------------+-----
Invocations    | 1 |  1.5
Short Blades   | 1 |  1.4
Long Blades    | 1 |  1.4
Maces & Flails | 1 |  1.4
Polearms       | 1 |  1.4
Staves         | 1 |  1.4
Ranged Weapons | 1 |  1.4
Throwing       | 1 |  1.4
Dodging        | 1 |  1.4
Stealth        | 1 |  1.4
Unarmed Combat | 1 |  1.4
Spellcasting   | 1 |  1.4
Evocations     | 1 |  1.4
Conjurations   | 1 |  1.1
Hexes          | 1 |  1.1
Summonings     | 1 |  1.1
Necromancy     | 1 |  1.1
Translocations | 1 |  1.1
Transmutations | 1 |  1.1
Fire Magic     | 1 |  1.1
Ice Magic      | 1 |  1.1
Air Magic      | 1 |  1.1
Earth Magic    | 1 |  1.1
Poison Magic   | 1 |  1.1
Fighting       | |  6.6
Axes           | |  4.7
Armour         | |  6.6
Shields        | |  6.6

Action                     |  1- 3 |  4- 6 || total
---------------------------+-------+-------++-------
  Melee: War axe           |    93 |    70 ||   163
         Bite              |    13 |     1 ||    14
  Evoke: Wand              |       |     1 ||     1
    Use: Potion            |       |     1 ||     1
   Stab: Paralysed         |       |     1 ||     1
 Armour: Scale mail        |    56 |    45 ||   101
  Dodge: Dodged            |    45 |    30 ||    75
  Block: Buckler           |    28 |    12 ||    40

Table legend: (Time is in decaauts)
 A = Elapsed time spent in this place.
 B = Non-inter-level travel time spent in this place.
 C = Inter-level travel time spent in this place.
 D = Time resting spent in this place.
 E = Time spent auto-exploring this place.
 F = Levels seen in this place.
 G = Mean time per level.
                   A        B        C        D        E       F      G
               +--------+--------+--------+--------+--------+-----+--------+
         Total |   2223 |   2146 |     77 |      0 |   1679 |   3 |  741.0 |
       Dungeon |   2223 |   2146 |     77 |      0 |   1679 |   3 |  741.0 |
               +--------+--------+--------+--------+--------+-----+--------+

Top non-repeatable levels by time:
     D:1: 955 daAuts
     D:3: 760 daAuts
     D:2: 507 daAuts
